 Dungeon Crawl Stone Soup version 0.29-a0-1027-gcd8c55af63 (webtiles) character file.

Game seed: 8684170474169056700

71 27heaven the Magician (level 4, 0/30 HPs)
             Began as a Mummy Hedge Wizard on Aug 12, 2022.
             Slain by an orc
             ... wielding a +1 short sword of distortion
              (7 damage)
             ... on level 3 of the Dungeon.
             The game lasted 00:05:39 (2105 turns).

27heaven the Magician (Mummy Hedge Wizard)          Turns: 2105, Time: 00:05:41

Health: 0/30       AC:  2    Str: 15    XL:     4   Next: 5%
Magic:  3/3        EV: 12    Int: 21    God:
Gold:   106        SH:  0    Dex: 11    Spells: 11/14 levels left

rFire   x . .      SeeInvis .   f - +8 spear "Hydraslayer" {antimagic, Str+2 Int+6 Stlth+}
rCold   + . .      Faith    .   (no shield)
rNeg    + + +      Spirit   .   b - +0 robe
rPois   ∞          Reflect  .   c - +0 hat
rElec   .          Harm     .   (no cloak)
rCorr   .          Rampage  .   (no gloves)
Will    .....                   (no boots)
Stlth   +++.......              (no amulet)
HPRegen 0.10/turn               (no ring)
MPRegen 0.08/turn               (no ring)

@: no status effects
A: cold resistance 1, negative energy resistance 3, torment resistance 2, heat
vulnerability 1, in touch with death 1, no potions
a: no special abilities


You were on level 3 of the Dungeon.
You visited 1 branch of the dungeon, and saw 3 of its levels.

You collected 106 gold pieces.

Inventory:

Hand Weapons
 e - a +1 dagger of speed
 f - the +8 spear "Hydraslayer" (weapon) {antimagic, Str+2 Int+6 Stlth+}
   (You found it on level 2 of the Dungeon)

   It reduces the magical energy of the wielder, and disrupts the spells and
   magical abilities of those it strikes.
   Natural abilities and divine invocations are not affected.
   Str:       It affects your strength (+2).
   Int:       It affects your intelligence (+6).
   Stlth:     It makes you more stealthy.
Armour
 b - a +0 robe (worn)
 c - a +0 hat (worn)
Scrolls
 a - a scroll of vulnerability {unknown}
 d - a scroll of teleportation {unknown}


   Skills:
 - Level 1.5 Dodging
 - Level 1.5 Stealth
 + Level 5.5 Spellcasting
 + Level 1.4 Conjurations
 - Level 1.0 Summonings
 + Level 1.3 Translocations


You had 11 spell levels left.
You knew the following spells:

 Your Spells              Type           Power      Damage    Failure   Level
a - Magic Dart            Conj           44%        1d5       6%          1
b - Blink                 Tloc           22%        N/A       9%          2

Your spell library contained the following spells:

 Spells                   Type           Power      Damage    Failure   Level
 Freeze                   Ice            20%        1d4       11%         1
 Slow                     Hex            20%        N/A       11%         1
 Call Imp                 Summ           10%        N/A       11%         2
 Conjure Flame            Conj/Fire      8%         6-21      22%         3
 Mephitic Cloud           Conj/Pois/Air  7%         N/A       26%         3
 Frozen Ramparts          Ice            10%        1d2       30%         3
 Hailstorm                Conj/Ice       8%         3d4       58%         4


Dungeon Overview and Level Annotations

Branches:
Dungeon (3/15)

Altars:


Innate Abilities, Weirdness & Mutations

You are immune to poison.
Your flesh is cold resistant. (rC+)
You are immune to negative energy. (rN+++)
You are immune to unholy pain and torment.
You are vulnerable to heat. (rF-)
You are in touch with the powers of death.
You do not drink.


Message History

The magic dart hits the orc wizard but does no damage.
You hear the slow rusting of a very distant drain.
Unknown command.
The magic dart hits the orc.
The orc is lightly wounded.
The magic dart hits the orc.
The orc is moderately wounded.
You are out of magic!
There is a stone staircase leading up here.
You climb upwards.
There is a stone staircase leading down here.
You start resting.
Magic restored.
You climb downwards.
You hear the sound of rushing water.
There is an entrance to a sewer on this level.
Hurry and find it before the portal rusts away!
There is a stone staircase leading up here.
The orc closely misses you.
Reach: f) +8 spear "Hydraslayer" {antimagic, Str+2 Int+6 Stlth+}
Press: ? - help, Dir - move target, f - orc wizard
Aim: an orc wizard, wielding a +0 dagger and wearing a +0 robe (about 39% to evade the +8 spear "Hydraslayer")
The orc is in the way.
You barely miss the orc.
Unknown command.
You hit the orc.
The orc is severely wounded.
The orc hits you with a +1 short sword of distortion.
Space warps horribly around you!
The orc wizard attacks as you move away!
The orc wizard hits you with a +0 dagger.
The orc attacks as you move away!
The orc hits you with a +1 short sword of distortion.
* * * LOW HITPOINT WARNING * * *
Space warps around you!
You die...

~~~ ♣..♣~ P..
.P. ..# #>#
###.# #.@o#
#.#o#######.[
#<#....o.o...
#.#.###.###..
#.#.# ..
#.#.# ##
..... #.##.
..♣ .


You could see an orc wizard and an orc.

Vanquished Creatures
  3 adders (D:2)
  2 dart slugs
  6 ball pythons
  6 endoplasms
  3 giant cockroaches (D:1)
  3 goblins
  4 hobgoblins
  5 bats
  A frilled lizard (D:1)
  3 kobolds
  3 rats
39 creatures vanquished.

Vanquished Creatures (others)
  2 plants (D:3)
2 creatures vanquished.

Grand Total: 41 creatures vanquished

Notes
Turn   | Place    | Note
-------+----------+-------------------------------------------
     0 | D:1      | 27heaven the Mummy Hedge Wizard began the quest for the
                  | Orb.
     0 | D:1      | Reached XP level 1. HP: 13/13 MP: 5/5
    83 | D:1      | Reached skill level 1 in Conjurations
   154 | D:1      | Reached XP level 2. HP: 10/19 MP: 1/7
   516 | D:1      | Reached skill level 5 in Spellcasting
   950 | D:1      | Learned a level 2 spell: Blink
  1038 | D:2      | Gained mutation: You are in touch with the powers of death.
                  | [Mummy growth]
  1038 | D:2      | Reached XP level 3. HP: 9/24 MP: 1/9
  1264 | D:2      | Reached skill level 1 in Summonings
  1319 | D:2      | Reached skill level 1 in Translocations
  1727 | D:2      | Reached XP level 4. HP: 30/30 MP: 7/11
  1863 | D:2      | Identified the +8 spear "Hydraslayer" {antimagic, Str+2
                  | Int+6 Stlth+}
  2105 | D:3      | Slain by an orc

Illustrated notes

Levels and vault maps discovered:
D:1:      co_arrival_two_rings, layout_rooms
D:2:      layout_rooms
D:3:      layout_loops_ring, amcnicky_altar_gilded, serial_bayou,
          serial_bayou_pond_a, serial_bayou_crossing, serial_bayou_ford_a,
          serial_bayou_pond_a, serial_bayou_lake_a, portal_sewer_entry_b

Skill      XL: |  1  2  3 |
---------------+----------+-----
Conjurations   | 1 |  1.4
Spellcasting   | 5 |  5.5
Summonings     | 1 |  1.0
Translocations | 1 |  1.3
Dodging        | |  1.5
Stealth        | |  1.5

Action                   |  1- 3 |  4- 6 || total
-------------------------+-------+-------++-------
Melee: Dagger            |    41 |     3 ||    44
       Spear             |       |     2 ||     2
       Punch             |       |     1 ||     1
 Cast: Magic Dart        |    89 |    10 ||    99
Armor: Robe              |    15 |       ||    15
Dodge: Dodged            |    35 |     3 ||    38

Table legend: (Time is in decaauts)
 A = Elapsed time spent in this place.
 B = Non-inter-level travel time spent in this place.
 C = Inter-level travel time spent in this place.
 D = Time resting spent in this place.
 E = Time spent auto-exploring this place.
 F = Levels seen in this place.
 G = Mean time per level.
                   A        B        C        D        E       F      G
               +--------+--------+--------+--------+--------+-----+--------+
         Total |   2104 |   2073 |     31 |     73 |   1582 |   3 |  701.3 |
       Dungeon |   2104 |   2073 |     31 |     73 |   1582 |   3 |  701.3 |
               +--------+--------+--------+--------+--------+-----+--------+

Top non-repeatable levels by time:
     D:2: 1055 daAuts
     D:1: 951 daAuts
     D:3: 97 daAuts
